 Dungeon Crawl Stone Soup version 0.28-a0-773-g130ae17fe5 (webtiles) character file.

Game seed: 2155126959185484646

5973 ytrimaz the Protected (level 10, -5/74 (79) HPs)
             Began as a Demonspawn Gladiator on Nov 1, 2021.
             Was an Initiate of Gozag.
             Slain by a fire elemental (6 damage)
             ... summoned by a deep elf pyromancer
             ... on level 9 of the Dungeon.
             The game lasted 00:14:11 (10232 turns).

ytrimaz the Protected (Demonspawn Gladiator)       Turns: 10232, Time: 00:14:12

HP:   -5/74 (79)    AC: 22    Str: 18    XL:     10   Next: 55%
MP:   10/10         EV:  8    Int:  9    God:    Gozag
Gold: 221           SH:  0    Dex: 15    Spells: 9/9 levels left

rFire   . . .      SeeInvis .   a - +1 rapier
rCold   . . .      Faith    .   (no shield)
rNeg    + . .      Spirit   .   i - +0 plate armour {Will+}
rPois   .          Reflect  .   (helmet restricted)
rElec   .          Harm     .   (no cloak)
rCorr   .          Rampage  .   (no gloves)
Will    +....                   (no boots)
Stlth   ..........              q - amulet of regeneration
HPRegen 1.22/turn               k - +4 ring of protection
MPRegen 0.24/turn               t - ring of positive energy

@: drained
A: antennae 2, magic regeneration, sharp scales 3
a: Renounce Religion, Potion Petition, Call Merchant, Bribe Branch


You were on level 9 of the Dungeon.
You worshipped Gozag.
Gozag was aware of your devotion.
You visited 2 branches of the dungeon, and saw 10 of its levels.

You collected 946 gold pieces.
You paid 725 gold pieces to Gozag.

Inventory:

Hand Weapons
 a - a +1 rapier (weapon)
 e - a +3 whip of electrocution
Armour
 i - a +0 plate armour of willpower (worn)
 r - a +0 kite shield
Jewellery
 j - a ring of magical power
 k - a +4 ring of protection (left hand)
 q - an amulet of regeneration (around neck)
 t - a ring of positive energy (right hand)
Wands
 p - a wand of charming (5)
 y - a wand of paralysis (6)
 C - a wand of iceblast (10)
Scrolls
 b - a scroll of teleportation
 d - a scroll of magic mapping
 l - 6 scrolls of noise
 s - a scroll of silence
 u - 2 scrolls of enchant armour
 w - a scroll of fog
 x - 2 scrolls of enchant weapon
 B - 2 scrolls of identify
Potions
 c - a potion of mutation
 f - a potion of curing
 g - 2 potions of flight
 h - 2 potions of ambrosia
 m - 2 potions of attraction
 n - a potion of brilliance
 o - a potion of haste
 v - 2 potions of magic
 z - a potion of cancellation


   Skills:
 + Level 7.0 Fighting
 - Level 2.6 Short Blades
 + Level 2.0 Maces & Flails
 - Level 1.7 Throwing
 * Level 12.1 Armour
 + Level 5.1 Dodging
 + Level 1.6 Evocations


You had 9 spell levels left.
You didn't know any spells.
Your spell library contained the following spells:

 Spells                   Type           Power      Damage    Failure   Level
 Magic Dart               Conj           0%         1d3       100%        1
 Slow                     Hex            0%         N/A       100%        1
 Searing Ray              Conj           0%         2d4       100%        2
 Confusing Touch          Hex            0%         N/A       100%        3
 Vampiric Draining        Necr           0%         2d6       100%        3
 Airstrike                Air            0%         N/A       100%        4
 Fulminant Prism          Conj/Hex       0%         3d6       100%        4
 Summon Lightning Spire   Summ/Air       0%         N/A       100%        4
 Lightning Bolt           Conj/Air       0%         1d11      100%        5


Dungeon Overview and Level Annotations

Branches:
Dungeon (9/15)             Temple (1/1) D:7
   Lair: D:8-11         Orc: D:9-12

Altars:
Ashenzari
Cheibriados
Dithmenos
Gozag
Hepliaklqana
Kikubaaqudgha
Makhleb
Nemelex Xobeh
Okawaru
Qazlal
Ru
Trog
Uskayaw
Vehumet
Wu Jian
Yredelemnul
Zin
The Shining One
Beogh

Shops:
D:2 (

Annotations:
D:2 1 runed translucent door, Crazy Yiuf
D:8 Maggie


Innate Abilities, Weirdness & Mutations

You have a pair of antennae on your head.
You regenerate magic rapidly.
You are completely covered in razor-sharp scales. (AC +3, Slay +3)


Message History

The fire elemental burns you!
The deep elf pyromancer closely misses you.
The fire elemental hits you. The fire elemental burns you!
You hit the deep elf pyromancer.
The deep elf pyromancer is severely wounded.
The fire elemental hits you. The fire elemental burns you!
* * * LOW HITPOINT WARNING * * *
The fire elemental hits you.
* * * LOW HITPOINT WARNING * * *
The fire elemental burns you!
* * * LOW HITPOINT WARNING * * *
The fire elemental hits you. The fire elemental burns you!
* * * LOW HITPOINT WARNING * * *
The fire elemental barely misses you.
The deep elf pyromancer gestures at you while chanting.
The bolt of fire misses you.
The bolt of fire misses the fire elemental.
The fire elemental hits you.
* * * LOW HITPOINT WARNING * * *
The fire elemental burns you!
* * * LOW HITPOINT WARNING * * *
Unknown command.
You feel much better. The fire elemental closely misses you.
The fire elemental hits you. The fire elemental burns you!
The fire elemental hits you. The fire elemental burns you!
* * * LOW HITPOINT WARNING * * *
The deep elf pyromancer casts a spell.
The deep elf pyromancer blinks!
Unknown command.
You feel much better. The fire elemental hits you.
The fire elemental burns you! The fire elemental hits you.
The fire elemental burns you! The fire elemental closely misses you.
The deep elf pyromancer gestures at you while chanting.
The bolt of fire hits you!!
* * * LOW HITPOINT WARNING * * *
The bolt of fire hits the fire elemental.
The fire elemental completely resists.
The fire elemental hits you. The fire elemental burns you!
You die...
Your body crumbles into a pile of gold.

#####.##..#.#.######...#
#.#☼### #.#.....(...........
#$#E○○. #.#...####...#####
#.####. #...###..###..#
#h#.... #..##......##.#
#.#.##. #......##.....#
#.#.##. #.....####....#
#.#.##. #.....####.EE.#
#.#.##. #......##.E@§.#
#.#.##. #..##.....e##.#
#.#.##.
#...###..###..########.#.##.
#.....####...............#
##..........############.#
############ #.# ###


You could see a deep elf pyromancer and 3 fire elementals.

Vanquished Creatures
  2 two-headed ogres (D:7)
  Grinder (D:4)
  A shadow (D:7)
  A spriggan (shapeshifter) (D:9)
  Sigmund (D:3)
  8 yaks (D:9)
  A wyvern (D:6)
  A steam dragon (D:7)
  A sky beast (D:7)
  2 water moccasins
  2 orc warriors
  A black bear (D:6)
  A hornet zombie (D:7)
  2 ogres
  2 centaurs
  A bullfrog (D:7)
  3 kobold brigands
  A scorpion (D:5)
  A water moccasin skeleton (D:5)
  7 wights
  A howler monkey (D:5)
  A bullfrog zombie (D:5)
  3 centaur zombies
  6 hounds
  2 centaur skeletons
  A jelly (D:6)
  4 orc priests
  A gnoll shaman (D:8)
  A bullfrog skeleton (D:6)
  An iguana (D:4)
  6 orc wizards
  3 hound skeletons (D:4)
  6 gnolls
  8 adders
  2 white imps
  4 ufetubi
  An adder skeleton (D:5)
  2 worms
  4 dart slugs
  16 orcs
  7 ball pythons
  5 endoplasms
  5 giant cockroaches
  6 goblins
  7 hobgoblins
  6 jackals (D:3)
  3 quokkas
  3 bats
  A frilled lizard (D:2)
  16 kobolds
  4 rats
176 creatures vanquished.

Vanquished Creatures (collateral kills)
  An orc (D:6)
1 creature vanquished.

Vanquished Creatures (others)
  A centaur zombie (D:9)
  An orc (D:8)
2 creatures vanquished.

Grand Total: 179 creatures vanquished

Notes
Turn   | Place    | Note
-------+----------+-------------------------------------------
     0 | D:1      | ytrimaz the Demonspawn Gladiator began the quest for the
                  | Orb.
     0 | D:1      | Reached XP level 1. HP: 16/16 MP: 1/1
   312 | D:1      | Gained mutation: You are partially covered in razor-sharp
                  | scales. (AC +1, Slay +1) [demonic ancestry]
   312 | D:1      | Reached XP level 2. HP: 21/22 MP: 2/2
   824 | D:1      | Reached skill level 1 in Armour
  1168 | D:2      | Reached XP level 3. HP: 8/27 MP: 3/3
  1480 | D:2      | Found Jeir's Weapon Shop.
  1549 | D:2      | Found a runed translucent door.
  1550 | D:2      | Noticed Crazy Yiuf
  1795 | D:2      | Found a basalt altar of Yredelemnul.
  2038 | D:3      | Reached skill level 2 in Armour
  2047 | D:3      | Found a shadowy altar of Dithmenos.
  2216 | D:3      | Gained mutation: You are mostly covered in razor-sharp
                  | scales. (AC +2, Slay +2) [demonic ancestry]
  2216 | D:3      | Reached XP level 4. HP: 33/34 MP: 4/4
  2291 | D:3      | Found an iron altar of Okawaru.
  2560 | D:3      | Noticed Sigmund
  2721 | D:3      | Killed Sigmund
  2722 | D:3      | Reached skill level 3 in Armour
  2722 | D:3      | Gained mutation: You are completely covered in razor-sharp
                  | scales. (AC +3, Slay +3) [demonic ancestry]
  2722 | D:3      | Reached XP level 5. HP: 40/40 MP: 5/5
  2850 | D:3      | Found a faded altar of an unknown god.
  2912 | D:3      | Found a basalt altar of Yredelemnul.
  3077 | D:4      | Found a hide-covered altar of Uskayaw.
  3083 | D:4      | Noticed a +0 dagger
  3083 | D:4      | Noticed a +0 dagger
  3087 | D:4      | Noticed Grinder
  3095 | D:4      | Reached skill level 4 in Armour
  3095 | D:4      | Reached XP level 6. HP: 21/47 MP: 6/6
  4418 | D:4      | Gained mutation: You have a pair of small antennae on your
                  | head. [demonic ancestry]
  4418 | D:4      | Reached XP level 7. HP: 37/52 MP: 7/7
  4824 | D:4      | Killed Grinder
  4825 | D:4      | Reached skill level 5 in Armour
  5103 | D:5      | Entered Level 5 of the Dungeon
  5485 | D:5      | Reached skill level 6 in Armour
  6128 | D:5      | Reached XP level 8. HP: 24/61 MP: 8/8
  6498 | D:6      | Reached skill level 7 in Armour
  6674 | D:6      | Found a sparkling altar of Nemelex Xobeh.
  7120 | D:5      | Reached skill level 5 in Fighting
  7120 | D:5      | Reached skill level 8 in Armour
  7796 | D:7      | Gained mutation: You have a pair of antennae on your head.
                  | [demonic ancestry]
  7796 | D:7      | Reached XP level 9. HP: 68/68 MP: 9/9
  7797 | D:7      | Found a staircase to the Ecumenical Temple.
  7815 | Temple   | Entered the Ecumenical Temple
  7825 | Temple   | Became a worshipper of Gozag Ym Sagoz the Greedy
  7919 | D:7      | Reached skill level 9 in Armour
  8100 | D:7      | Noticed a two-headed ogre
  8115 | D:7      | Killed a two-headed ogre
  8222 | D:7      | Reached skill level 10 in Armour
  8387 | D:7      | Reached skill level 1 in Evocations
  8399 | D:7      | Reached skill level 5 in Dodging
  8514 | D:7      | Reached skill level 1 in Maces & Flails
  8603 | D:7      | Noticed a two-headed ogre
  8730 | D:7      | Killed a two-headed ogre
  8731 | D:7      | Gained mutation: You regenerate magic rapidly. [demonic
                  | ancestry]
  8731 | D:7      | Reached XP level 10. HP: 40/77 MP: 10/10
  9054 | D:8      | Noticed Maggie
  9203 | D:8      | Reached skill level 11 in Armour
  9399 | D:8      | Noticed a two-headed ogre
  9991 | D:9      | Reached skill level 12 in Armour
 10172 | D:9      | Noticed a deep elf pyromancer
 10230 | D:9      | HP: 2/74 [fire elemental[a deep elf pyromancer] (2)]
 10232 | D:9      | Slain by a fire elemental

Illustrated notes

Levels and vault maps discovered:
D:1:      amcnicky_arrival_single_pillar, layout_basic, hangedman_decor_riveting
D:2:      layout_rooms, serial_shops, nicolae_shop_window_shopping, basic_altar,
          uniq_crazy_yiuf_cottage
D:3:      layout_loops_ring, mainiacjoe_overflow_chevrons,
          mainiacjoe_overflow_brackets, mainiacjoe_overflow_24_doors,
          hellmonk_ecumenical_altar_defaced_shrine, uniq_sigmund
D:4:      layout_basic, dancing_weapons_uskayaw, nicolae_overflow_hidden_temple,
          minmay_joined_circles, uniq_grinder
D:5:      layout_loops_cross
D:6:      layout_basic, lemuel_coloured_pillars_altar
D:7:      minmay_chambers_of_fours, layout_basic,
          minmay_temple_entry_gardened_gates
D:8:      layout_cave_pools, led_sif_book, chequers_hall_statues_corner_a,
          uniq_maggie
D:9:      minmay_diamond_stairs, layout_basic, ebering_ghost_inner_flame,
          serial_park_tiny_pond, minmay_misc_feat_iff, lemuel_another_geyser
Temple:   nicolae_temple_no_exploring_needed

Skill      XL: |  1  2  3  4  5  6  7  8  9 10 |
---------------+-------------------------------+-----
Dodging        | 3 4 5 |  5.1
Armour         | 1 2 3 4 6 8 10 12 | 12.1
Fighting       | 3 4 5 6 7 |  7.0
Evocations     | 1 |  1.6
Maces & Flails | 1 2 |  2.0
Short Blades   | |  2.6
Throwing       | |  1.7

Action                   |  1- 3 |  4- 6 |  7- 9 | 10-12 || total
-------------------------+-------+-------+-------+-------++-------
Melee: Rapier            |   143 |   151 |   362 |   257 ||   913
       Whip              |       |       |    33 |       ||    33
Throw: Throwing net      |       |     2 |     4 |       ||     6
Invok: Potion Petition   |       |       |     1 |     1 ||     2
Evoke: Wand              |       |       |     3 |       ||     3
  Use: Scroll            |     3 |     3 |     9 |     3 ||    18
       Potion            |       |     9 |     5 |     2 ||    16
 Stab: Held in net/web   |       |     1 |     3 |       ||     4
       Distracted        |       |       |       |     1 ||     1
Armor: Leather armour    |    19 |       |       |       ||    19
       Chain mail        |    50 |   102 |    24 |       ||   176
       Skin              |       |    10 |       |       ||    10
       Plate armour      |       |       |   337 |   212 ||   549
Dodge: Dodged            |    79 |    71 |   145 |   120 ||   415

Table legend: (Time is in decaauts)
 A = Elapsed time spent in this place.
 B = Non-inter-level travel time spent in this place.
 C = Inter-level travel time spent in this place.
 D = Time resting spent in this place.
 E = Time spent auto-exploring this place.
 F = Levels seen in this place.
 G = Mean time per level.
                   A        B        C        D        E       F      G
               +--------+--------+--------+--------+--------+-----+--------+
         Total |  10221 |  10041 |    180 |   2545 |   5099 |  10 | 1022.1 |
       Dungeon |  10201 |  10029 |    172 |   2545 |   5099 |   9 | 1133.4 |
        Temple |     19 |     11 |      8 |      0 |      0 |   1 |   19.0 |
               +--------+--------+--------+--------+--------+-----+--------+

Top non-repeatable levels by time:
     D:4: 2289 daAuts
     D:5: 1740 daAuts
     D:7: 1160 daAuts
     D:2: 1000 daAuts
     D:1: 982 daAuts
     D:6: 934 daAuts
     D:9: 933 daAuts
     D:3: 838 daAuts
     D:8: 320 daAuts
  Temple: 19 daAuts
